Map: Oxide LE

Players

Reynor - Winner!

  • Race: Zerg Zerg

HeroMarine

  • Race: Terran Terran

Event: DreamHack SC2 Masters 2021 Winter

VOD

Have the link to the VOD?

Description

Time

  • Played on: Oct. 15, 2021, 9:43 a.m.
  • Length: 10:37

All games in this series

Show
View Real Time Build Order
Export as new Build Order

Reynor Zerg - Winner!

Build Orders: Hatch First 

Get SALT Encoding   

  12  0:00  Drone  
  13  0:12  Overlord  
  13  0:16  Drone  
  14  0:30  Drone x2  
  16  0:47  Hatchery  
  15  0:50  Drone  
  15  0:54  Drone  
  18  0:57  Drone  
  18  1:08  Extractor  
  17  1:12  Spawning Pool  
  17  1:15  Drone  
  17  1:18  Drone  
  18  1:27  Drone  
  19  1:38  Drone  
  20  1:48  Overlord  
  20  1:58  Queen  
  20  1:59  Queen  
  20  2:00  Zergling x4  
  26  2:10  Drone x2  
  26  2:11  Metabolic Boost  
  28  2:21  Drone x2  
  30  2:35  Hatchery  
  30  2:36  Drone  
  29  2:37  Drone  
  29  2:43  Queen  
  32  2:48  Overlord  
  32  2:52  Drone  
  32  2:53  Drone  
  32  2:55  Drone  
  35  3:07  Drone x3, Queen  
  35  3:11  Overlord  
  40  3:15  Drone x2  
  40  3:17  Drone  
  43  3:29  Overlord  
  43  3:30  Queen  
  43  3:31  Drone  
  46  3:39  Drone x2  
  48  3:41  Zergling x6  
  48  3:46  Queen  
  48  3:48  Overlord  
  53  3:50  Baneling Nest  
  53  3:52  Drone  
  53  3:53  Drone x2  
  55  3:56  Drone  
  55  3:57  Drone  
  55  4:01  Overlord  
  57  4:07  Drone x2, Queen  
  61  4:12  Drone x2  
  61  4:16  Overlord  
  63  4:23  Zergling x6  
  66  4:25  Drone x2  
  66  4:27  Lair  
  66  4:29  Overlord  
  68  4:34  Drone  
  68  4:36  Overlord  
  69  4:38  Extractor  
  68  4:46  Spore Crawler  
  68  4:48  Drone x5  
  68  4:49  Spore Crawler  
  68  4:50  Spore Crawler, Overlord  
  68  4:51  Drone  
  71  4:53  Queen  
  71  4:56  Drone x2  
  71  4:58  Zergling x4  
  77  5:01  Overlord  
  77  5:04  Drone  
  78  5:07  Baneling  
  78  5:10  Drone  
  78  5:11  Drone  
  80  5:16  Zergling x2  
  80  5:17  Overlord  
  80  5:19  Drone x2  
  80  5:20  Drone x2  
  85  5:26  Overseer  
  85  5:27  Overseer  
  85  5:30  Drone x3  
  85  5:33  Extractor  
  87  5:36  Hatchery  
  87  5:37  Baneling, Extractor  
  87  5:39  Drone  
  87  5:40  Drone x2  
  88  5:43  Centrifugal Hooks  
  88  5:44  Drone x4  
  88  5:47  Zergling x4  
  88  5:48  Zergling x2, Extractor  
  88  5:49  Overlord  
  94  5:52  Drone x3  
  94  5:53  Drone  
  98  6:00  Drone x2  
  98  6:02  Zergling x4  
  102  6:04  Evolution Chamber, Overlord  
  102  6:05  Evolution Chamber  
  100  6:14  Overlord  
  100  6:24  Zergling x2  
  100  6:25  Zergling x18  
  100  6:28  Zergling x6  
  103  6:33  Baneling x8  
  103  6:36  Zergling x6  
  106  6:40  Zerg Ground Armor Level 1, Zerg Melee Weapons Level 1  
  106  6:41  Queen x3  
  106  6:45  Baneling x5  
  113  6:47  Zergling x6  
  113  6:54  Queen  
  113  6:58  Zergling x14  
  116  7:05  Zergling x8  
  116  7:06  Zergling x2  
  116  7:07  Zergling x2  
  116  7:08  Zergling x2  
  122  7:14  Zergling x6  
  122  7:15  Zergling x2  
  126  7:21  Zergling x6  
  126  7:22  Zergling x2  
  130  7:23  Queen x2  
  130  7:29  Overlord  
  132  7:31  Zergling x10  
  132  7:33  Zergling x2  
  132  7:35  Queen  
  134  7:37  Zergling x2  
  134  7:38  Zergling x2  
  122  7:45  Zergling x12  
  122  7:47  Zergling x4  
  120  7:52  Zergling x2  
  120  7:54  Zergling x8  
  120  7:57  Drone x3  
  125  7:59  Drone x2, Spore Crawler  
  125  8:01  Hydralisk Den  
  125  8:03  Baneling x11  
  125  8:04  Baneling  
  125  8:05  Baneling x5  
  125  8:06  Zergling x4  
  127  8:17  Zergling x12  
  133  8:23  Zergling x4  
  133  8:26  Zergling x4  
  136  8:28  Overlord  
  136  8:29  Overlord  
  136  8:31  Baneling  
  136  8:32  Baneling x8  
  136  8:34  Burrow  
  136  8:35  Overlord  
  136  8:40  Zergling x2  
  136  8:41  Zergling x6  
  136  8:45  Zergling x4  
  136  8:46  Zergling x10  
  136  8:47  Zergling x2  
  123  8:52  Muscular Augments  
  123  8:54  Infestation Pit  
  117  9:02  Hydralisk  
  117  9:03  Hydralisk x5, Zergling x6  
  117  9:06  Zergling x4  
  117  9:08  Zergling x2  
  127  9:11  Hydralisk  
  124  9:18  Zergling x4  
  124  9:19  Zergling x2  
  124  9:21  Hydralisk  
  128  9:27  Zergling x12  
  128  9:29  Baneling x6  
  128  9:30  Baneling x3  
  128  9:31  Baneling x2  
  135  9:33  Pneumatized Carapace  
  135  9:34  Zergling x8  
  139  9:42  Zergling x2  
  139  9:44  Zergling x6  
  143  9:45  Baneling  
  143  9:46  Baneling x7  
  143  9:47  Baneling x2  
  143  9:52  Overlord  
  141  9:56  Hydralisk x2  
  141  9:57  Zergling x12  
  151  10:00  Overlord  
  151  10:06  Zergling x2  
  152  10:07  Overlord  
  134  10:15  Zergling x2  
  134  10:16  Zergling x8  
Show
View Real Time Build Order
Export as new Build Order

HeroMarine Terran 

Build Orders: Reaper Expand 

Get SALT Encoding   

  12  0:00  SCV  
  13  0:12  SCV  
  14  0:17  Supply Depot  
  14  0:24  SCV  
  15  0:38  SCV  
  15  0:40  Barracks  
  16  0:43  Refinery  
  16  0:50  SCV  
  17  1:03  SCV  
  18  1:15  SCV  
  19  1:27  Reaper, Orbital Command  
  20  1:39  Command Center  
  20  1:49  Supply Depot  
  20  1:52  SCV  
  21  1:58  Marine  
  22  2:04  SCV  
  22  2:08  Factory  
  23  2:13  Refinery  
  23  2:16  SCV  
  23  2:20  Barracks Reactor  
  24  2:29  SCV  
  25  2:41  SCV  
  26  2:51  Orbital Command  
  26  2:52  Hellion  
  26  2:53  Starport, SCV  
  26  2:56  Marine x2  
  31  3:05  SCV  
  32  3:14  Marine  
  32  3:15  Marine  
  32  3:17  Hellion, SCV x2  
  38  3:22  Supply Depot  
  38  3:29  SCV x2, Medivac  
  38  3:32  Marine  
  38  3:33  Marine  
  44  3:41  SCV  
  44  3:42  SCV  
  44  3:44  Supply Depot  
  44  3:45  Factory Tech Lab  
  46  3:50  Marine x2  
  46  3:53  SCV  
  46  3:54  SCV  
  50  4:05  SCV  
  50  4:06  SCV  
  50  4:08  Cloaking Field  
  50  4:09  Banshee, Factory Reactor  
  55  4:10  Barracks  
  55  4:14  Barracks  
  55  4:17  SCV  
  55  4:18  Barracks Tech Lab  
  55  4:19  Supply Depot  
  55  4:20  SCV  
  57  4:30  SCV, Refinery  
  58  4:32  SCV  
  58  4:36  Stimpack  
  58  4:37  Marine  
  60  4:42  Supply Depot, SCV  
  60  4:43  Engineering Bay  
  60  4:44  SCV  
  62  4:52  Banshee, Factory Reactor  
  65  4:54  SCV  
  65  4:55  Supply Depot, Marine  
  65  4:56  SCV  
  68  5:05  Marine x4  
  68  5:06  SCV  
  73  5:09  SCV, Terran Infantry Weapons Level 1  
  73  5:11  Supply Depot  
  73  5:12  Marine  
  75  5:18  SCV  
  75  5:21  SCV  
  77  5:22  Marine  
  77  5:23  Marine x3  
  81  5:30  SCV, Marine  
  81  5:33  SCV  
  84  5:40  Marine  
  84  5:41  Siege Tank  
  84  5:42  Refinery  
  88  5:43  Supply Depot, Medivac x2  
  88  5:47  Marine x2  
  88  5:49  Supply Depot  
  94  5:58  Supply Depot  
  94  6:04  Marine x4  
  94  6:05  Marine  
  99  6:12  Supply Depot  
  99  6:16  Combat Shield  
  99  6:22  Marine x5  
  101  6:27  Medivac x2  
  105  6:33  Siege Tank  
  105  6:39  Command Center  
  108  6:40  Marine x2  
  108  6:41  Marine  
  110  6:53  Marine x2  
  108  6:57  Medivac  
  108  6:58  Marine x3  
  108  6:59  Medivac  
  110  7:10  Siege Tank  
  110  7:11  Marine x2  
  110  7:12  SCV  
  110  7:14  SCV  
  117  7:16  Marine x3  
  120  7:24  SCV  
  120  7:26  SCV  
  120  7:27  Medivac  
  120  7:29  Marine x2  
  125  7:33  Barracks  
  125  7:34  Marine, Barracks  
  126  7:40  Marine  
  126  7:41  Marine  
  119  7:46  Marine  
  119  7:49  Marine  
  105  7:51  Siege Tank, Marine  
  105  7:57  SCV x2  
  105  7:58  Marine  
  106  7:59  Marine  
  106  8:02  Liberator x2  
  106  8:04  Marine  
  111  8:07  Supply Depot, Marine  
  111  8:09  SCV x2  
  111  8:12  Marine  
  115  8:15  Marine  
  115  8:16  Orbital Command  
  116  8:21  SCV x2  
  116  8:22  Marine x2  
  116  8:26  Barracks Reactor x2  
  118  8:27  Siege Tank, Marine  
  118  8:32  Marine  
  118  8:33  Marine  
  124  8:40  Marine x2  
  124  8:45  Marine  
  124  8:47  SCV x2  
  94  8:49  Marine  
  94  8:51  Marine  
  94  8:53  Liberator x2  
  101  8:58  Marine x2  
  101  9:02  Marine x2  
  98  9:03  Marine  
  98  9:06  Marine x2  
  98  9:07  Marine  
  98  9:09  Marine  
  89  9:15  Marine  
  89  9:16  Marine  
  90  9:20  Siege Tank, Marine x2  
  90  9:21  Marine  
  96  9:24  Marine x2  
  96  9:25  Marine  
  96  9:27  Marine  
  100  9:33  Marine x2  
  100  9:36  Liberator x2  
  100  9:38  Marine x2  
  110  9:39  Marine  
  110  9:42  Marine x2  
  110  9:43  Marine  
  110  9:45  Marine  
  115  9:51  Marine x2  
  115  9:52  SCV x3  
  120  9:55  Marine  
  120  9:56  Marine x2  
  123  10:00  Marine x2  
  123  10:01  Marine  
  123  10:03  Marine  
  127  10:09  Marine x2  
  127  10:13  Marine x2  
  118  10:14  Marine  
  118  10:18  Marine x3  

Tags
 
Add a new tag
Caveats
  • Supply blocks, unpowered buildings, or Contaminate may cause inaccurate times.
  • Supply counts are checked every 10 seconds.